Map: Cactus Valley LE (Void)

Players

Railgan - Winner!

  • Race: Zerg Zerg
  • League: Grandmaster
  • Spawn Location: 5:00

KEiSooN

  • Race: Terran Terran
  • League: Master
  • Spawn Location: 11:00

VOD

Have the link to the VOD?

Description

Time

  • Played on: March 11, 2017, 4:08 p.m.
  • Length: 15:28
Show
View Real Time Build Order
Export as new Build Order

Railgan Zerg - Winner!

Build Orders: Pool First, Lurkers 

Get SALT Encoding   

  12  0:01  Drone  
  13  0:13  Overlord  
  13  0:18  Drone  
  14  0:31  Drone x2  
  16  0:36  Drone  
  17  0:45  Spawning Pool  
  17  0:49  Drone  
  17  0:56  Drone  
  18  1:12  Hatchery  
  18  1:14  Extractor  
  18  1:17  Drone  
  17  1:20  Drone  
  18  1:33  Zergling x2  
  18  1:34  Roach Warren  
  18  1:39  Drone  
  19  1:45  Queen  
  21  1:50  Drone  
  22  2:01  Overlord  
  22  2:19  Roach  
  22  2:21  Queen  
  22  2:22  Roach  
  28  2:25  Roach  
  30  2:33  Drone  
  30  2:35  Queen  
  32  2:40  Drone  
  33  2:44  Drone  
  33  2:48  Overlord  
  34  2:54  Drone  
  34  2:56  Drone  
  36  3:07  Lair, Drone  
  36  3:08  Drone  
  36  3:11  Drone  
  39  3:15  Drone  
  39  3:16  Drone  
  39  3:19  Drone  
  42  3:27  Overlord  
  42  3:28  Drone  
  42  3:29  Drone  
  44  3:42  Extractor  
  44  3:43  Extractor, Drone  
  43  3:49  Drone x5  
  43  3:55  Overlord  
  48  3:56  Drone  
  48  4:02  Extractor  
  48  4:08  Drone  
  48  4:09  Drone  
  50  4:13  Spire  
  50  4:14  Drone x5  
  54  4:21  Glial Reconstitution  
  54  4:25  Drone x2  
  54  4:27  Overlord  
  54  4:29  Overseer  
  56  4:33  Overlord  
  58  4:38  Roach  
  58  4:49  Drone  
  59  4:54  Roach x2  
  59  4:57  Overlord  
  63  5:00  Roach  
  63  5:01  Hatchery  
  63  5:05  Overlord  
  62  5:28  Mutalisk  
  62  5:29  Mutalisk x4  
  62  5:32  Overlord  
  62  5:34  Drone  
  73  5:36  Drone  
  74  5:43  Evolution Chamber  
  74  5:44  Drone  
  74  5:47  Overlord  
  74  5:48  Evolution Chamber  
  73  5:51  Drone  
  74  6:05  Drone x6  
  74  6:10  Hydralisk Den  
  79  6:17  Queen  
  81  6:20  Drone  
  81  6:23  Roach x5  
  92  6:27  Overlord  
  92  6:37  Drone x4, Overlord  
  96  6:43  Zerg Missile Weapons Level 1, Zerg Ground Armor Level 1  
  96  6:53  Drone x7  
  103  7:07  Drone x6  
  99  7:10  Overseer  
  99  7:13  Drone  
  99  7:14  Drone  
  98  7:17  Drone x2  
  98  7:18  Muscular Augments  
  98  7:21  Drone x2  
  102  7:26  Overlord  
  102  7:27  Drone x2  
  104  7:30  Hydralisk, Overlord  
  104  7:31  Hydralisk x2  
  104  7:33  Hydralisk x2  
  114  7:43  Hydralisk x4  
  122  7:48  Extractor  
  122  7:49  Extractor  
  122  7:51  Hydralisk  
  122  7:59  Drone x2  
  122  8:01  Overlord  
  122  8:04  Hydralisk  
  122  8:05  Hydralisk x2  
  128  8:08  Hatchery  
  128  8:11  Pneumatized Carapace  
  129  8:14  Overlord  
  129  8:16  Hydralisk x3  
  135  8:21  Drone x3  
  135  8:23  Overlord  
  135  8:26  Spine Crawler  
  137  8:31  Roach  
  139  8:36  Roach  
  133  8:46  Overlord  
  133  8:48  Spine Crawler  
  132  8:51  Roach x4  
  132  8:53  Spine Crawler  
  132  8:54  Roach x5  
  150  9:01  Ravager x3  
  151  9:08  Roach x2  
  155  9:21  Overlord  
  155  9:22  Lurker Den  
  155  9:23  Drone x4  
  155  9:24  Drone x5  
  164  9:28  Queen  
  164  9:30  Extractor, Drone x3  
  168  9:31  Overlord  
  168  9:32  Extractor  
  168  9:36  Overlord  
  167  9:38  Overlord  
  167  9:45  Roach x6  
  175  9:53  Roach  
  175  9:55  Drone  
  175  9:59  Hydralisk x5  
  182  10:01  Zerg Missile Weapons Level 2  
  180  10:09  Roach  
  180  10:10  Roach x5  
  180  10:12  Roach  
  158  10:17  Roach  
  158  10:19  Drone, Metabolic Boost  
  152  10:26  Drone x3  
  155  10:44  Zerg Ground Armor Level 2, Hatchery  
  155  10:46  Zergling x8  
  155  10:47  Zergling x2  
  159  10:51  Lurker x3  
  159  10:52  Lurker  
  163  11:10  Zergling x6  
  163  11:11  Zergling x2  
  165  11:30  Zergling x6  
  168  11:38  Zergling x8  
  172  11:42  Lurker x5  
  172  11:43  Lurker x2  
  179  11:47  Hatchery  
  178  12:10  Extractor, Zergling x2  
  178  12:11  Spine Crawler, Zergling x8  
  178  12:12  Extractor  
  178  12:13  Spine Crawler  
  179  12:18  Zergling x2  
  179  12:19  Zergling x14  
  176  12:32  Hydralisk x6  
  174  12:39  Hydralisk  
  174  12:40  Hydralisk x3  
  179  12:44  Hydralisk  
  179  12:45  Hydralisk x9  
  179  12:50  Queen  
  179  12:51  Overlord  
  195  12:54  Hydralisk x3  
  199  13:15  Hatchery  
  192  13:29  Corruptor x3  
  192  13:30  Zerg Flyer Weapons Level 1  
  192  13:33  Zerg Melee Weapons Level 1  
  198  13:34  Infestation Pit  
  176  13:43  Lurker x4  
  176  13:44  Lurker x2  
  176  13:45  Zergling x10  
  187  13:55  Hydralisk  
  185  13:57  Hydralisk  
  185  14:00  Hydralisk  
  185  14:01  Hydralisk  
  165  14:05  Hydralisk  
  165  14:06  Hydralisk x6  
  177  14:14  Zergling x8  
  177  14:16  Hydralisk  
  183  14:18  Hydralisk x3  
  189  14:24  Hydralisk  
  189  14:27  Drone  
  189  14:29  Hydralisk  
  194  14:35  Hatchery  
  193  14:40  Drone  
  193  14:43  Hydralisk  
  193  14:44  Hydralisk  
  198  14:46  Hydralisk  
Show
View Real Time Build Order
Export as new Build Order

KEiSooN Terran 

Build Orders: Reaper Expand, Bio Tank 

Get SALT Encoding   

  12  0:00  SCV  
  13  0:12  SCV  
  14  0:17  Supply Depot  
  14  0:24  SCV  
  14  0:27  Refinery  
  15  0:38  SCV  
  16  0:45  Barracks  
  16  0:50  SCV  
  17  1:03  SCV  
  18  1:15  SCV  
  19  1:31  Orbital Command  
  19  1:32  Reaper  
  20  1:46  Command Center  
  20  1:57  SCV  
  20  2:01  Factory  
  21  2:06  Barracks Reactor  
  21  2:11  SCV  
  22  2:18  Supply Depot  
  22  2:25  SCV  
  22  2:27  Refinery  
  23  2:40  SCV  
  24  2:50  Barracks Tech Lab  
  24  2:52  Starport  
  24  2:56  SCV  
  24  3:05  Cyclone  
  24  3:06  Bunker  
  24  3:07  Widow Mine  
  24  3:08  Orbital Command  
  24  3:11  Marauder  
  31  3:19  Bunker  
  31  3:32  Barracks  
  31  3:45  SCV  
  31  3:48  Siege Tank  
  35  3:49  Marine x2  
  37  3:56  Supply Depot  
  37  3:57  SCV  
  37  3:58  SCV  
  39  4:07  Marine  
  39  4:08  Marine  
  41  4:11  SCV  
  42  4:20  Siege Tank  
  42  4:22  Barracks Tech Lab  
  45  4:25  Starport  
  45  4:30  SCV  
  45  4:31  Marine x2  
  47  4:34  SCV  
  49  4:42  Marine, SCV  
  49  4:43  Stimpack  
  51  4:46  SCV  
  52  4:54  SCV  
  52  4:56  Supply Depot  
  53  5:03  Marine  
  54  5:08  Supply Depot  
  54  5:13  Supply Depot  
  54  5:17  Marine, Widow Mine x2  
  54  5:18  SCV x2  
  61  5:24  Engineering Bay  
  61  5:27  Engineering Bay  
  61  5:29  Medivac  
  61  5:30  Marine, SCV x2  
  61  5:35  Marine  
  66  5:36  Supply Depot  
  66  5:42  Supply Depot, SCV  
  68  5:44  SCV  
  70  5:53  Marine  
  70  5:54  SCV  
  68  6:00  SCV, Command Center  
  68  6:03  Marine x2, Supply Depot  
  71  6:06  Starport Reactor  
  71  6:07  Siege Tank  
  71  6:08  SCV  
  75  6:11  Terran Infantry Armor Level 1, Terran Infantry Weapons Level 1  
  75  6:14  Refinery  
  75  6:16  Refinery  
  75  6:19  Missile Turret  
  75  6:24  Missile Turret, Marine  
  76  6:28  Missile Turret  
  75  6:38  SCV  
  73  6:41  Marine x2  
  73  6:42  Marine  
  76  6:49  SCV  
  76  6:52  Combat Shields  
  73  6:59  Marine x2  
  74  7:04  Marine, SCV  
  74  7:05  Siege Tank  
  79  7:10  SCV  
  80  7:17  Marine, SCV  
  80  7:26  Medivac, Marauder  
  80  7:27  Barracks  
  82  7:30  Barracks x2  
  82  7:31  SCV  
  82  7:36  SCV  
  81  7:41  Marine x2  
  83  7:46  Orbital Command  
  83  7:47  Marine  
  83  7:52  Siege Tank  
  83  7:55  SCV  
  86  7:59  Marine  
  86  8:01  SCV  
  86  8:02  Marine, Medivac  
  93  8:05  Marauder  
  93  8:07  SCV  
  93  8:09  Orbital Command  
  94  8:13  SCV  
  94  8:17  Missile Turret, Marine  
  94  8:19  Marine  
  96  8:20  Barracks Reactor, Barracks Tech Lab  
  96  8:21  Barracks Reactor  
  96  8:23  SCV  
  96  8:26  Marine  
  99  8:28  Factory  
  99  8:29  SCV  
  100  8:34  Marine  
  100  8:35  SCV  
  100  8:37  Marine  
  99  8:44  Marine x2  
  99  8:45  Siege Tank  
  99  8:47  SCV  
  104  8:52  Marine  
  104  8:55  Marine  
  105  8:58  Marine x3  
  109  9:09  Marine x3  
  109  9:10  Marine, Armory, SCV x2  
  109  9:11  Supply Depot  
  109  9:12  Factory Tech Lab  
  109  9:13  Marine, Supply Depot, SCV  
  109  9:14  Supply Depot  
  109  9:16  Marine  
  117  9:17  Refinery  
  117  9:18  Refinery  
  117  9:33  Marine x2, SCV x2, Medivac x2  
  117  9:34  Marine, Supply Depot  
  117  9:35  Siege Tank, Marauder, SCV  
  117  9:36  Supply Depot  
  117  9:37  Marine, Marauder, Supply Depot  
  135  9:45  SCV x2  
  128  9:47  SCV  
  127  9:54  Marine  
  127  9:57  SCV  
  124  10:01  Marine  
  121  10:12  Marine, Siege Tank  
  98  10:16  Marine  
  98  10:17  Siege Tank, Marine x3  
  98  10:18  Marauder  
  98  10:20  Missile Turret, Marine  
  98  10:21  SCV  
  108  10:25  Marine  
  108  10:27  Medivac x2  
  108  10:28  Terran Infantry Armor Level 2  
  111  10:30  SCV x2  
  111  10:34  Marine x2, SCV  
  111  10:35  Marine x3  
  117  10:38  Marine  
  117  10:41  Supply Depot  
  120  10:42  SCV  
  120  10:43  SCV  
  120  10:44  Siege Tank  
  120  10:45  Marine x2  
  127  11:00  Marine x5  
  127  11:01  Siege Tank, Medivac  
  127  11:03  SCV  
  138  11:14  Marine  
  138  11:15  Marine  
  139  11:29  Marine  
  139  11:31  Marine x2  
  139  11:32  Siege Tank, Marauder  
  147  11:39  SCV  
  148  11:41  Marine x2  
  148  11:42  Siege Tank, Marauder  
  148  11:45  Barracks x2  
  148  11:46  Barracks  
  155  11:47  Terran Infantry Weapons Level 2  
  155  11:48  SCV  
  155  11:52  Command Center  
  156  12:01  Marine x2  
  155  12:02  Marauder  
  155  12:03  Marine  
  155  12:04  SCV  
  155  12:07  Marine x3, Marauder  
  165  12:15  Siege Tank, Medivac  
  170  12:19  Marine x2  
  162  12:34  Marine  
  154  12:37  Marine x2  
  154  12:38  Marauder  
  158  12:46  Marine  
  158  12:47  Barracks Tech Lab x3  
  157  12:53  Siege Tank  
  157  12:54  Marauder  
  157  12:56  Marine  
  155  13:14  Planetary Fortress  
  155  13:26  Marine  
  155  13:27  Marine, Marauder  
  150  13:28  Marine  
  150  13:29  Command Center  
  150  13:33  Marine  
  149  13:41  Marine x2  
  149  13:42  Marauder  
  149  13:44  Marine x2  
  149  13:46  Marauder x2  
  102  14:11  Marine  
  102  14:16  Marine  
  104  14:21  Marine  
  104  14:22  Marine  
  104  14:23  Marine x3  
  104  14:24  Siege Tank x2, Marauder x3  
  105  14:25  SCV  
  105  14:31  Marine  
  110  14:32  Marauder, SCV  
  110  14:34  Marine  
  115  14:39  Marine  
  115  14:40  Marine  
  115  14:42  Marauder  
  115  14:43  Marine x2  
  112  14:55  Marine x3, Marauder  
  112  14:56  Marauder  
Tags
 
Add a new tag
Caveats
  • Supply blocks, unpowered buildings, or Contaminate may cause inaccurate times.
  • Supply counts are checked every 10 seconds.